 Dungeon Crawl Stone Soup version 0.21.1-1-g345015f (webtiles) character file.

127 inc the Nimble (level 4, 21/21 HPs)
             Began as a Felid Monk on Mar 16, 2018.
             Quit the game on level 4 of the Dungeon.
             The game lasted 00:05:30 (3197 turns).

inc the Nimble (Felid Monk)                         Turns: 3197, Time: 00:05:31

Health: 21/21      AC:  1    Str:  7    XL:     4   Next: 85%
Magic:  5/5        EV: 24    Int: 12    God:
Gold:   192        SH:  0    Dex: 19    Spells: 3/3 levels left
                                        Lives:  0   Deaths: 1

rFire    . . .     SeeInvis +     - Unarmed
rCold    . . .     Gourm    .   (shield unavailable)
rNeg     . . .     Faith    .   (armour unavailable)
rPois    .         Spirit   .   (helmet unavailable)
rElec    .         Reflect  .   (cloak unavailable)
rCorr    .         Harm     .   (gloves unavailable)
MR       .....                  (boots unavailable)
Stlth    +++.......             (no amulet)
HPRegen  0.07/turn              (no ring)
MPRegen  0.09/turn              (no ring)

@: quick
A: very small, no armour, no weapons or thrown items, stealth, claws 1, fangs 3,
see invisible, carnivore, speed 1, shaggy fur 1, slow metabolism 1, sharp paws
a: no special abilities


You were on level 4 of the Dungeon.
You were not hungry.

You visited 1 branch of the dungeon, and saw 4 of its levels.
You also visited: Sewer.

You collected 192 gold pieces.

Inventory:

Wands
 g - a wand of iceblast (5)
Scrolls
 b - a scroll of identify
 c - a scroll of fear {unknown}
 d - 2 scrolls of teleportation
 e - a scroll of immolation {unknown}
 h - a scroll of remove curse
 i - a scroll of enchant weapon
Potions
 f - 3 potions of haste
 j - 2 potions of degeneration
Comestibles
 a - 7 rations


   Skills:
 - Level 3.0 Fighting
 + Level 8.0 Dodging
 - Level 2.6 Stealth
 - Level 4.0 Unarmed Combat


You had 3 spell levels left.
You didn't know any spells.

Dungeon Overview and Level Annotations

Branches:
Dungeon (4/15)
 Temple: D:4-7

Altars:
Ashenzari
Trog

Annotations:
D:3 Mirai's ghost, amateur HaFi
D:4 warwik96's ghost, novice TrMo


Innate Abilities, Weirdness & Mutations

You cannot wear armour.
You are incapable of wielding weapons or throwing items.
Your paws allow you to move quietly. (Stealth)
You have sharp claws.
You have razor-sharp teeth.
You have supernaturally acute eyesight. (SInv)
You are carnivorous and can eat meat at any time.
You cover ground quickly.
You are covered in fur. (AC +1)
You have a slow metabolism.
Your sharp claws are effective at attacking unaware monsters.


Message History

Aiming: Iceblast
Press: ? - help, Shift-Dir - straight line, f - worker ant
Aim: a worker ant (heavily wounded)
The mass of ice explodes!
The iceblast engulfs the worker ant.
The worker ant is severely wounded.
* * * LOW HITPOINT WARNING * * *
You feel sick.
Unknown command.
* * * LOW HITPOINT WARNING * * *
You feel sick.
You die...
You feel sick.
You are no longer poisoned.
You are now level 4!
You rejoin the land of the living...
Found a stone staircase leading down.
Are you sure you want to abandon this character and quit the game? (Confirm with "yes".)
Okay, then.
Okay, then.
Are you sure you want to abandon this character and quit the game? (Confirm with "yes".)

###...... ........
####### ####.##.#####
...#.. .............
##....# ###.#########
##...... #........
#.>....# #.####.##
#......# #.#. #.....@#
#.#. ##.....# #.#.
#.....#############.##
####..................
#..# ..####.####...
#...#.#####.#.#....
.............#.....
#...>######.###....
#.## ##.#.


There were no monsters in sight!

Vanquished Creatures
  Purgy (Sewer)
  5 adders
  A shadow imp (D:3)
  2 oozes (D:2)
  An adder skeleton (D:4)
  2 worms (D:2)
  A dart slug (D:2)
  A leopard gecko (D:2)
  7 orcs
  4 giant cockroaches
  5 goblins
  2 hobgoblins
  8 jackals
  13 kobolds
  3 quokkas
  2 ball pythons (D:1)
  10 bats
  4 frilled lizards
  5 rats
77 creatures vanquished.

Vanquished Creatures (others)
  2 worker ants (D:4)
  A gnoll (D:4)
  A leopard gecko (D:4)
  A jackal (D:4)
  A frilled lizard (D:4)
6 creatures vanquished.

Grand Total: 83 creatures vanquished

Notes
Turn   | Place    | Note
-------+----------+-------------------------------------------
     0 | D:1      | inc the Felid Monk began the quest for the Orb.
     0 | D:1      | Reached XP level 1. HP: 10/10 MP: 2/2
   100 | D:1      | Reached XP level 2. HP: 13/14 MP: 3/3
   861 | D:2      | Reached XP level 3. HP: 17/17 MP: 4/4
  1327 | D:2      | Reached skill level 5 in Dodging
  1581 | D:2      | Reached XP level 4. HP: 21/21 MP: 5/5
  1667 | D:3      | Found a bloodstained altar of Trog.
  1759 | D:3      | Reached skill level 6 in Dodging
  1837 | D:3      | Noticed Mirai's ghost (amateur HaFi)
  1977 | D:3      | Found a shattered altar of Ashenzari.
  2372 | D:4      | Found a glowing drain.
  2376 | D:4      | Noticed warwik96's ghost (novice TrMo)
  2526 | D:4      | Reached XP level 5. HP: 14/24 MP: 6/6
  2716 | Sewer    | Entered a sewer
  2830 | Sewer    | Noticed Purgy
  2854 | Sewer    | Killed Purgy
  2854 | Sewer    | Reached skill level 7 in Dodging
  3132 | D:4      | Reached skill level 8 in Dodging
  3191 | D:4      | HP: 1/24 [poisoned by a worker ant]
  3196 | D:4      | Succumbed to a worker ant's poison
  3197 | D:4      | Reached XP level 4. HP: 0/21 MP: 5/5
  3197 | D:4      | Quit the game

Skill      XL: |  1  2  3  4  5 |
---------------+----------------+-----
Unarmed Combat | 4 |  4.0
Dodging        | 5 6 8 |  8.0
Fighting       | |  3.0
Stealth        | |  2.6

Action                   |  1- 3 |  4- 6 || total
-------------------------+-------+-------++-------
Melee: Unarmed           |    86 |   165 ||   251
       Bite              |     7 |    13 ||    20
       Punch             |     1 |     2 ||     3
Evoke: Wand              |       |     3 ||     3
  Use: Scroll            |       |     6 ||     6
       Potion            |       |     3 ||     3
 Stab: Sleeping          |    14 |     3 ||    17
  Eat: Chunk             |       |    12 ||    12
Armor: Skin              |     6 |     7 ||    13
Dodge: Dodged            |    70 |   163 ||   233
